 Dungeon Crawl Stone Soup version 0.22.1-5-g62c59d919a (webtiles) character file.

75 Jerry the Skirmisher (level 4, 0/35 HPs)
             Began as a Demonspawn Fighter on Jan 11, 2019.
             Slain by Crazy Yiuf
             ... wielding a +4 quarterstaff of chaos
              (12 damage)
             ... on level 2 of the Dungeon.
             The game lasted 00:03:16 (1791 turns).

Jerry the Skirmisher (Demonspawn Fighter)           Turns: 1791, Time: 00:03:16

Health: 0/35       AC:  8    Str: 18    XL:     4   Next: 11%
Magic:  3/4        EV:  9    Int:  9    God:
Gold:   29         SH:  0    Dex: 12    Spells: 3/3 levels left

rFire    . . .     SeeInvis .   a - +0 flail
rCold    . . .     Gourm    .   (no shield)
rNeg     . . .     Faith    .   b - +0 scale mail
rPois    .         Spirit   .   (no helmet)
rElec    .         Reflect  .   (no cloak)
rCorr    .         Harm     .   (no gloves)
MR       .....                  (no boots)
Stlth    ..........             (no amulet)
HPRegen  0.11/turn              (no ring)
MPRegen  0.09/turn              (no ring)

@: no status effects
A: icy blue scales 1, powered by death 1
a: no special abilities


You were on level 2 of the Dungeon.
You were hungry.

You visited 1 branch of the dungeon, and saw 2 of its levels.

You collected 29 gold pieces.

Inventory:

Hand Weapons
 a - a +0 flail (weapon)
Armour
 b - a +0 scale mail (worn)
 c - a +0 shield
Wands
 g - a wand of polymorph (11)
Scrolls
 j - a scroll of magic mapping {unknown}
 k - 4 scrolls of identify {unknown}
Potions
 e - 2 potions of brilliance {unknown}
 h - a potion of lignification {unknown}
Comestibles
 f - 5 rations


   Skills:
 + Level 3.5 Fighting
 * Level 3.1 Maces & Flails
 + Level 3.2 Armour
 - Level 2.6 Shields


You had 3 spell levels left.
You didn't know any spells.
Your spell library was empty.

Dungeon Overview and Level Annotations

Branches:
Dungeon (2/15)

Altars:

Annotations:
D:2 Crazy Yiuf, Robin


Innate Abilities, Weirdness & Mutations

You are partially covered in icy blue scales. (AC +2)
You regenerate a little health from kills.


Message History

There is an open door here.
You completely miss Crazy Yiuf. Crazy Yiuf hits you but does no damage.
You closely miss Crazy Yiuf.
Crazy Yiuf hits you with a quarterstaff of chaos!
You sock Crazy Yiuf!
Crazy Yiuf is heavily wounded.
Crazy Yiuf closely misses you.
You hit Crazy Yiuf.
Crazy Yiuf is heavily wounded.
Crazy Yiuf hits you with a quarterstaff of chaos!
Crazy Yiuf burns you. Crazy Yiuf closely misses you.
You closely miss Crazy Yiuf.
Crazy Yiuf is heavily wounded.
Crazy Yiuf hits you with a quarterstaff of chaos.
You feel your power leaking away.
You barely miss Crazy Yiuf.
Crazy Yiuf is heavily wounded.
Crazy Yiuf hits you with a quarterstaff of chaos.
You are electrocuted!
You die...

.......# .......####
.###[.....#
#.+...#### #.#...#
##.#...# .#.#...####
#### .#.#....#.##
###)))#
.#.........####)@g).#
##.........)#))##)))#
......#.#.)#)### ####
......########
......# ...#### ...#
...# ...#


You could see Crazy Yiuf.

Vanquished Creatures
  Terence (D:2)
  An adder (D:2)
  3 dart slugs
  A leopard gecko (D:2)
  2 ball pythons
  4 hobgoblins (D:1)
  3 jackals (D:1)
  3 bats
  A frilled lizard (D:2)
  6 goblins
  4 kobolds
  5 rats
  A fungus (D:1)
35 creatures vanquished.

Notes
Turn   | Place    | Note
-------+----------+-------------------------------------------
     0 | D:1      | Jerry the Demonspawn Fighter began the quest for the Orb.
     0 | D:1      | Reached XP level 1. HP: 18/18 MP: 1/1
   188 | D:1      | Gained mutation: You regenerate a little health from kills.
                  | [demonic ancestry]
   188 | D:1      | Reached XP level 2. HP: 19/24 MP: 2/2
  1074 | D:2      | Noticed Terence
  1087 | D:2      | Killed Terence
  1087 | D:2      | Reached XP level 3. HP: 29/29 MP: 3/3
  1522 | D:2      | Noticed Robin
  1527 | D:2      | Gained mutation: You are partially covered in icy blue
                  | scales. (AC +2) [demonic ancestry]
  1527 | D:2      | Reached XP level 4. HP: 27/35 MP: 4/4
  1780 | D:2      | Found a runed door.
  1784 | D:2      | Noticed Crazy Yiuf
  1791 | D:2      | Slain by Crazy Yiuf

Skill      XL: |  1  2  3 |
---------------+----------+-----
Maces & Flails | 2 3 |  3.1
Armour         | 3 |  3.2
Fighting       | |  3.5
Shields        | |  2.6

Action                   |  1- 3 |  4- 6 || total
-------------------------+-------+-------++-------
Melee: Flail             |   104 |    18 ||   122
       Unarmed           |     4 |       ||     4
  Use: Potion            |       |     1 ||     1
  Eat: Chunk             |     2 |       ||     2
Armor: Scale mail        |    62 |    30 ||    92
Dodge: Dodged            |    52 |    26 ||    78
